 Dungeon Crawl Stone Soup version 0.24.1-14-gf8d2b509d9 (webtiles) character file.

Game seed: 281854460198283331, levelgen mode: deterministic

127 PaperTurtle the Chopper (level 4, 0/40 HPs)
             Began as a Minotaur Fighter on May 18, 2020.
             Killed from afar by an orc wizard (7 damage)
             ... with a magic dart
             ... on level 3 of the Dungeon.
             The game lasted 00:16:30 (2053 turns).

PaperTurtle the Chopper (Minotaur Fighter)          Turns: 2053, Time: 00:16:31

Health: 0/40       AC:  9    Str: 21    XL:     4   Next: 85%
Magic:  3/3        EV:  8    Int:  5    God:
Gold:   145        SH:  9    Dex: 10    Spells: 3/3 levels left

rFire    . . .     SeeInvis .   a - +0 war axe
rCold    . . .     Gourm    .   c - +0 shield
rNeg     . . .     Faith    .   b - +0 scale mail
rPois    .         Spirit   .   (helmet restricted)
rElec    .         Reflect  .   j - +0 cloak
rCorr    .         Harm     .   n - +0 pair of gloves
MR       .....                  (no boots)
Stlth    ..........             h - amulet of regeneration
HPRegen  0.53/turn              (no ring)
MPRegen  0.08/turn              (no ring)

@: slowed, very slow
A: retaliatory headbutt, horns 2
a: no special abilities


You were on level 3 of the Dungeon.
You were hungry.

You visited 1 branch of the dungeon, and saw 3 of its levels.

You collected 145 gold pieces.

Inventory:

Hand Weapons
 a - a +0 war axe (weapon)
Armour
 b - a +0 scale mail (worn)
 c - a +0 shield (worn)
 j - a +0 cloak (worn)
 n - a +0 pair of gloves (worn)
Jewellery
 h - an amulet of regeneration (around neck)
Scrolls
 e - a scroll of enchant armour {unknown}
 g - 2 scrolls of identify {unknown}
 i - a scroll of fog {unknown}
 o - a scroll of remove curse {unknown}
 q - a scroll of blinking {unknown}
Potions
 d - a potion of might
 k - a potion of brilliance {unknown}
 l - 2 potions of curing {unknown}
 m - a potion of lignification {unknown}
 p - a potion of berserk rage {unknown}
Comestibles
 f - a ration


   Skills:
 + Level 4.1 Fighting
 + Level 4.4 Axes
 + Level 4.2 Armour
 * Level 1.3 Dodging
 + Level 0.1 Stealth
 + Level 4.3 Shields


You had 3 spell levels left.
You didn't know any spells.
Your spell library was empty.

Dungeon Overview and Level Annotations

Branches:
Dungeon (3/15)

Altars:
Okawaru
Ru

Annotations:
D:3 Robin


Innate Abilities, Weirdness & Mutations

You reflexively headbutt those who attack you in melee.
You have a pair of horns on your head.


Message History

The orc wizard casts a spell at you.
You feel as though you will be slow longer.
The orc priest calls down the wrath of Beogh upon you.
Beogh smites you! The orc wizard closely misses you.
Your unstable footing causes you to fumble your attack.
The orc wizard points at you and mumbles some strange words.
The magic dart hits you. You block the orc wizard's attack.
The orc priest calls down the wrath of Beogh upon you.
Beogh smites you!
* * * LOW HITPOINT WARNING * * *
You closely miss the orc wizard. Your headbutt misses the orc wizard.
The orc wizard closely misses you. You block the orc wizard's attack.
You closely miss the orc wizard.
The orc wizard hits you but does no damage. x2
You are feeling hungry.
You slash the orc wizard!
The orc wizard is severely wounded.
The orc wizard points at you and mumbles some strange words.
The magic dart hits you!
You die...

.. ......)..... ...
............ ....
......... #.#.# ......#
#
.....########...###.##.
#.#....#≈≈≈≈#..........
......)#≈≈≈≈#<.<...#.#.
......oo≈≈≈≈'..........
......o#@≈≈≈#.####.#.#.
..##...#≈≈≈≈#... ....
#.#.########... .##
..... #### # ### #. ##


You could see an orc priest and an orc wizard.

Vanquished Creatures
  4 adders
  4 oozes
  3 worms (D:2)
  A dart slug (D:1)
  2 leopard geckos (D:1)
  An orc (D:3)
  A giant cockroach (D:1)
  10 goblins
  11 hobgoblins
  A jackal (D:2)
  2 quokkas (D:2)
  2 ball pythons (D:2)
  A bat (D:2)
  6 frilled lizards
  7 kobolds
  8 rats
64 creatures vanquished.

Notes
Turn   | Place    | Note
-------+----------+-------------------------------------------
     0 | D:1      | PaperTurtle the Minotaur Fighter began the quest for the
                  | Orb.
     0 | D:1      | Reached XP level 1. HP: 19/19 MP: 0/0
   186 | D:1      | Reached XP level 2. HP: 27/27 MP: 1/1
   568 | D:1      | Reached XP level 3. HP: 33/33 MP: 2/2
  1474 | D:2      | Reached skill level 1 in Dodging
  1529 | D:2      | Found an iron altar of Okawaru.
  1591 | D:2      | Reached XP level 4. HP: 35/40 MP: 3/3
  1815 | D:2      | Found a sacrificial altar of Ru.
  2002 | D:3      | Noticed Robin
  2053 | D:3      | Killed from afar by an orc wizard

Levels and vault maps discovered:
D:1:      beargit_arrival_greenhouse, layout_basic, minmay_misc_feat_hallway
D:2:      layout_basic, nicolae_ru_great_annihilating_truth, okawaru_trees_1,
          roderic_roman_lattice
D:3:      layout_rooms, makhleb_grotto_becter, portal_sewer_entry_b,
          serial_glass, glass_columns_a, glass_columns_a, glass_columns_b,
          glass_columns_a, minmay_misc_feat_rugged, minmay_statues_item,
          chequers_serial_rivers_room_b, uniq_ijyb, uniq_robin, uniq_terence

Skill      XL: |  1  2  3  4 |
---------------+-------------+-----
Axes           | 3 4 |  4.4
Armour         | 4 |  4.2
Shields        | 4 |  4.3
Dodging        | 1 |  1.3
Fighting       | 4 |  4.1
Stealth        | |  0.1

Action                   |  1- 3 |  4- 6 || total
-------------------------+-------+-------++-------
Melee: War axe           |    72 |    77 ||   149
       Headbutt          |    11 |     9 ||    20
 Stab: Paralysed         |       |     2 ||     2
  Eat: Ration            |     1 |       ||     1
Armor: Scale mail        |    22 |    19 ||    41
Dodge: Dodged            |    22 |    29 ||    51
Block: Shield            |    43 |    37 ||    80
